 Dungeon Crawl Stone Soup version 0.30-a0-1-g69b7b797bf (webtiles) character file.

Game seed: 3113780832076628468

378 Plasmagod the Conjurer (level 6, -2/45 HPs)
             Began as a Demigod Conjurer on Aug 19, 2022.
             Slain by a gnoll sergeant
             ... wielding a +0 spear
              (3 damage)
             ... on level 5 of the Dungeon.
             The game lasted 00:06:33 (4955 turns).

Plasmagod the Conjurer (Demigod Conjurer)           Turns: 4955, Time: 00:06:34

Health: -2/45      AC:  2    Str:  8    XL:     6   Next: 20%
Magic:  3/15       EV: 12    Int: 28    God:
Gold:   193        SH:  0    Dex: 12    Spells: 10/13 levels left

rFire   . . .      SeeInvis .    i - +2 short sword (elec)
rCold   . . .      Faith    .    (no shield)
rNeg    . . .      Spirit   .    a - +0 robe
rPois   +          Reflect  .    (no helmet)
rElec   .          Harm     .    (no cloak)
rCorr   .          Rampage  .    (no gloves)
Will    .....                    (no boots)
Stlth   ++........               (no amulet)
HPRegen 0.15/turn                e - ring of poison resistance
MPRegen 0.14/turn                (no ring)

@: no status effects
A: high MP 1, forlorn, divine attributes
a: no special abilities


You were on level 5 of the Dungeon.
You visited 1 branch of the dungeon, and saw 5 of its levels.

You collected 193 gold pieces.

Inventory:

Hand Weapons
 i - a +2 short sword of electrocution (weapon)
Missiles
 s - 2 throwing nets
Armour
 a - a +0 robe (worn)
Jewellery
 e - a ring of poison resistance (left hand)
 n - a +6 ring of strength
Scrolls
 c - 4 scrolls of teleportation {unknown}
 d - 8 scrolls of identify {unknown}
 f - 4 scrolls of torment {unknown}
 g - a scroll of immolation {unknown}
 j - 2 scrolls of vulnerability {unknown}
 q - a scroll of amnesia {unknown}
 r - a scroll of enchant armour {unknown}
 t - 2 scrolls of blinking {unknown}
 u - a scroll of noise {unknown}
 v - 2 scrolls of enchant weapon {unknown}
 x - a scroll of poison {unknown}
Potions
 b - a potion of magic
 h - 2 potions of curing {unknown}
 k - a potion of cancellation {unknown}
 l - a potion of resistance {unknown}
 m - 2 potions of degeneration {unknown}
 o - 5 potions of heal wounds {unknown}
 p - a potion of brilliance {unknown}
 w - a potion of haste {unknown}
 z - a potion of mutation {unknown}


   Skills:
 - Level 1.8 Dodging
 - Level 1.8 Stealth
 + Level 4.2 Spellcasting
 + Level 5.6 Conjurations


You had 10 spell levels left.
You knew the following spells:

 Your Spells              Type           Power      Damage    Failure   Level
a - Magic Dart            Conj           100%       1d8       1%          1
b - Searing Ray           Conj           74%        2d7       1%          2

Your spell library contained the following spells:

 Spells                   Type           Power      Damage    Failure   Level
 Dazzling Flash           Conj/Hex       42%        N/A       7%          3
 Call Canine Familiar     Summ           5%         N/A       22%         3
 Frozen Ramparts          Ice            10%        1d2       22%         3
 Portal Projectile        Hex/Tloc       10%        N/A       22%         3
 Summon Guardian Golem    Hex/Summ       5%         N/A       22%         3
 Fulminant Prism          Conj/Hex       10%        3d9       22%         4
 Iskenderun's Mystic Bla  Conj/Tloc      21%        2d6       22%         4
 Ice Form                 Ice/Tmut       5%         N/A       58%         4
 Leda's Liquefaction      Hex/Erth       2%         N/A       58%         4
 Summon Ice Beast         Ice/Summ       5%         N/A       58%         4
 Orb of Destruction       Conj           18%        9d8       99%         7
 Spellforged Servitor     Conj/Summ      10%        N/A       100%        7


Dungeon Overview and Level Annotations

Branches:
Dungeon (5/15)
 Temple: D:4-7

Shops:
D:1 [

Annotations:
D:4 2 transporters, flestrin's ghost, amateur OgGl


Innate Abilities, Weirdness & Mutations

You have an increased reservoir of magic. (+10% MP)
You shall have no god before yourself.
Your divine heritage dramatically boosts your attributes as you level up.


Message History

Confirm with . or Enter, or press ? or * to list all spells.
Aiming: Magic Dart (safe; 1% risk of failure)
Press: ? - help, Shift-Dir - straight line, f/p - gnoll
Aim: a gnoll, wielding a +0 club (almost dead, 100% to hit)
The magic dart hits the gnoll.
You kill the gnoll!
The ufetubus misses you. The ufetubus closely misses you. x3
The gnoll completely misses you.
The gnoll hits you from afar with a +0 spear.
* * * LOW HITPOINT WARNING * * *
The gnoll sergeant barely misses you. The ufetubus attacks as you move away!
The ufetubus closely misses you. The ufetubus hits you.
* * * LOW HITPOINT WARNING * * *
Casting: Magic Dart (safe; 1% risk of failure)
Confirm with . or Enter, or press ? or * to list all spells.
Aiming: Searing Ray (safe; 1% risk of failure)
Press: ? - help, Shift-Dir - straight line, f - gnoll
Aim: a gnoll, wielding a +0 spear (83% to hit)
The searing ray hits the ufetubus!
You kill the ufetubus!
The searing ray hits the gnoll!
The gnoll is almost dead. (Press . to maintain the ray.)
The gnoll barely misses you. The gnoll sergeant barely misses you.
The gnoll barely misses you.
The searing ray hits the gnoll.
You kill the gnoll!
The gnoll sergeant barely misses you.
The gnoll hits you from afar with a +0 spear.
* * * LOW HITPOINT WARNING * * *
Casting: Searing Ray (safe; 1% risk of failure)
Confirm with . or Enter, or press ? or * to list all spells.
Aiming: Magic Dart (safe; 1% risk of failure)
Press: ? - help, Shift-Dir - straight line, f - gnoll sergeant
Aim: a gnoll sergeant, wielding a +0 spear and wearing a +0 scale mail (heavily wounded, 100% to hit)
The magic dart hits the gnoll sergeant.
The gnoll sergeant is severely wounded.
The gnoll sergeant hits you from afar with a +0 spear.
You die...

..# ..#########
..........###########
...........#........#
...........#........#
..#######'##........#
..##......##...##...#
..##......###'###.g.##...
..#.......'.....@.).......
..#.......#......)g.......
..##......##..............
..##......##..............
..##...........#######....
...#...........# ....
...#...........# ...
...#......##...#
..##......##..)#


You could see a gnoll sergeant and a gnoll.

Vanquished Creatures
  A black bear (D:5)
  A phantom (D:5)
  A necrophage (D:4)
  An orc wizard (D:3)
  2 gnolls (D:5)
  3 adders (D:2)
  An ufetubus (D:5)
  2 worms
  A dart slug (D:2)
  6 orcs
  5 endoplasms
  4 giant cockroaches
  4 goblins
  A hobgoblin (D:2)
  7 kobolds
  4 quokkas
  7 ball pythons
  5 bats
  3 frilled lizards
  8 rats
67 creatures vanquished.

Vanquished Creatures (others)
  10 plants
10 creatures vanquished.

Grand Total: 77 creatures vanquished

Notes
Turn   | Place    | Note
-------+----------+-------------------------------------------
     0 | D:1      | Plasmagod the Demigod Conjurer began the quest for the Orb.
     0 | D:1      | Reached XP level 1. HP: 14/14 MP: 5/5
   700 | D:1      | Reached XP level 2. HP: 20/20 MP: 5/7
   857 | D:1      | Found Astraseb's Armour Shoppe.
   863 | D:1      | Learned a level 2 spell: Searing Ray
  1211 | D:1      | Reached skill level 4 in Conjurations
  1639 | D:2      | Reached XP level 3. HP: 26/26 MP: 5/9
  2864 | D:3      | Reached XP level 4. HP: 33/33 MP: 3/11
  3755 | D:4      | Noticed a necrophage
  3760 | D:4      | Killed a necrophage
  3761 | D:4      | Reached XP level 5. HP: 38/38 MP: 5/13
  3944 | D:4      | Identified the +3 buckler of Oblivion {Harm Dex+5}
  3944 | D:4      | Noticed flestrin's ghost (amateur OgGl)
  4105 | D:4      | Found a transporter.
  4116 | D:4      | Reached skill level 5 in Conjurations
  4490 | D:4      | Found a transporter.
  4681 | D:5      | Entered Level 5 of the Dungeon
  4829 | D:5      | Noticed a black bear
  4834 | D:5      | Killed a black bear
  4835 | D:5      | Reached XP level 6. HP: 45/45 MP: 7/15
  4952 | D:5      | HP: 1/45 [ufetubus (4)]
  4955 | D:5      | Slain by a gnoll sergeant

Illustrated notes

Levels and vault maps discovered:
D:1:      mushboom_english_gardens, layout_basic,
          hellmonk_ecumenical_altar_inner_sanctum, serial_shops, shop
D:2:      layout_loops_corners
D:3:      layout_loops_corners, nicolae_hepliaklqana_hazy_memory,
          nicolae_overflow_squiral
D:4:      layout_cave_pods, led_sif_pool, gammafunk_ghost_gnarly_gnolls,
          serial_co_window_serial, co_window_corner_a, co_window_paths_b,
          co_window_paths_a, co_window_paths_a, co_window_corner_a,
          co_window_of_opportunity_b, co_window_paths_c,
          co_window_of_opportunity_c, co_window_corner_cb, co_window_broadway_a,
          co_window_sun, glass_columns_b, glass_columns_a, glass_columns_c
D:5:      layout_gridville, minmay_temple_entry_mini_moons

Skill      XL: |  1  2  3  4  5 |
---------------+----------------+-----
Spellcasting   | 2 3 4 |  4.2
Conjurations   | 4 5 |  5.6
Dodging        | |  1.8
Stealth        | |  1.8

Action                   |  1- 3 |  4- 6 || total
-------------------------+-------+-------++-------
 Cast: Magic Dart        |    75 |    40 ||   115
       Searing Ray       |     3 |     6 ||     9
Dodge: Dodged            |     6 |    16 ||    22

Table legend: (Time is in decaauts)
 A = Elapsed time spent in this place.
 B = Non-inter-level travel time spent in this place.
 C = Inter-level travel time spent in this place.
 D = Time resting spent in this place.
 E = Time spent auto-exploring this place.
 F = Levels seen in this place.
 G = Mean time per level.
                   A        B        C        D        E       F      G
               +--------+--------+--------+--------+--------+-----+--------+
         Total |   4955 |   4857 |     98 |      0 |   4540 |   5 |  991.0 |
       Dungeon |   4955 |   4857 |     98 |      0 |   4540 |   5 |  991.0 |
               +--------+--------+--------+--------+--------+-----+--------+

Top non-repeatable levels by time:
     D:1: 1373 daAuts
     D:2: 1174 daAuts
     D:4: 1096 daAuts
     D:3: 1037 daAuts
     D:5: 273 daAuts
